[Event "*** Titled Tuesday Blitz"]
[Site "Chess.com"]
[Date "2020.10.20"]
[Round "6"]
[White "DanielDardha2005"]
[Black "Shield12"]
[Result "0-1"]
[WhiteElo "2634"]
[BlackElo "2824"]
[TimeControl "180+1"]
[EndTime "11:10:17 PDT"]
[Termination "Shield12 won by resignation"]

1. d4 Nf6 2. c4 e6 3. Nc3 Bb4 4. Qc2 O-O 5. Nf3 d5 6. cxd5 exd5 7. Bg5 h6 8. Bh4 c5 9. dxc5 Be6 10. e3 Nbd7 11. Be2 Rc8 12. a3 Qa5 13. O-O Bxc3 14. b4 Bxb4 15. axb4 Qxb4 16. Rxa7 Rxc5 17. Qb1 Qxb1 18.
Rxb1 Rfc8 19. Raxb7 Rc1+ 20. Bf1 Ne4 21. Be7 Bf5 22. Ba3 Rxb1 23. Rxb1 Nxf2 24. Rb5 Ng4 25. Rxd5 Nxe3 26. Rd2 Nxf1 27. Kxf1 Nb6 28. Bb4 Nc4 29. Rd4 Ne3+ 30. Kf2 Nc2 31. Rd5 Be4 32. Rc5 Ra8 33. Bc3 Ra2 34. Nd2 Bg6 35. h3 Nd4 36. Ke3 Nf5+ 37.
Kf4 Nd6 38. g4 Ra4+ 39. Ke5 Ne4 40. Rc8+ Kh7 41. Nxe4 Rxe4+ 42. Kd5 Re3 43. h4 Rg3 44. h5 Bb1 45. Kd6 Rxg4 46. Ke7 Ba2 47. Kf8 Rg5 48.
Rc7 Be6 49. Bd4 Rxh5 50. Bxg7 Rg5 51. Bf6 Rf5 52. Ke7 Kg6 53. Bh8 h5 54. Rc2 h4 55.
Bf6 h3 56. Bd4 Rd5 57. Bb6 Rd7+ 58. Ke8 Rb7 59. Bc7 Bd5 60. Bh2 f5 61. Rd2 Bg2 62. Kd8 Kg5 63. Rd4 Rb1 64. Bg3 Be4 65. Rd7 Kg4 66.
Rg7+ Kf3 67. Be5 Ke2 68. Ke7 Rb7+ 69. Kf6 Rxg7 70. Kxg7 Kf3 71. Kf6 f4 72. Kg5 h2 0-1

[Event "*** Titled Tuesday Blitz"]
[Site "Chess.com"]
[Date "2020.10.20"]
[Round "6"]
[White "AustrianFalcon"]
[Black "chessplayer9919"]
[Result "1/2-1/2"]
[WhiteElo "2451"]
[BlackElo "2608"]
[TimeControl "180+1"]
[EndTime "11:10:19 PDT"]
[Termination "Game drawn - insufficient material"]

1. e4 e5 2. Nf3 Nc6 3. Bb5 Nf6 4. O-O Nxe4 5. Re1 Nd6 6. Nxe5 Be7 7. Bf1 Nxe5 8.
Rxe5 O-O 9. d4 Bf6 10. Re1 Re8 11. d5 Nf5 12. Nd2 d6 13. c3 Nh4 14. Ne4 Be7 15.
Ng3 Nf5 16. Bd3 Nxg3 17. hxg3 Bf6 18. Bf4 Bd7 19. Qf3 g6 20. Rxe8+ Bxe8 21. Re1 Bd7 22.
Bh6 Bg7 23. Qf4 Qf6 24. Qxf6 Bxf6 25. f3 Re8 26. Rxe8+ Bxe8 27. Kf2 Bd7 28. g4 b5 29. Be3 a5 30. g5 Bg7 31. Ke2 Kf8 32. Kd2 Ke8 33.
a3 Kd8 34. b4 axb4 35. axb4 Be5 36. f4 Bg7 37. Be2 Ke7 38. g4 h6 39. f5 hxg5 40.
fxg6 Bf6 41. g7 Bxg7 42. Bxg5+ Bf6 43. Be3 Be5 44. g5 Kf8 45. Bd3 Kg7 46. Bd4 Bxd4 47. cxd4 Kf8 48. Ke3 Ke7 49. Kf4 Be8 50. Bf5 Kf8 51. Bg4 Ke7 52. Bh5 Bd7 53. Bg4 Be8 54. Bc8 f6 55. Bb7 Bf7 56. Bc6 Bg8 57. g6 Kf8 58. Kf5 Kg7 59. Bxb5 Bxd5 60. Be8 Bb3 61. b5 Bc2+ 62. Ke6 Bxg6 63. Bxg6 Kxg6 64. Kd7 f5 65. Kxc7 f4 66. b6 f3 67. b7 f2 68.
b8=Q f1=Q 69. Qd8 Qc4+ 70. Kxd6 Qxd4+ 71. Ke7 Qxd8+ 72. Kxd8 1/2-1/2

[Event "*** Titled Tuesday Blitz"]
[Site "Chess.com"]
[Date "2020.10.20"]
[Round "6"]
[White "Tooweak2slow03"]
[Black "Orest_Vovk"]
[Result "0-1"]
[WhiteElo "2772"]
[BlackElo "2514"]
[TimeControl "180+1"]
[EndTime "11:10:24 PDT"]
[Termination "Orest_Vovk won on time"]

1. e4 Nc6 2. Nf3 d5 3. exd5 Qxd5 4. Nc3 Qa5 5. d4 Bg4 6. Be2 O-O-O 7. Be3 Nf6 8. h3 Bh5 9. a3 Ne4 10. Qd3 Nxc3 11.
bxc3 Bg6 12. Qd2 e5 13. Rb1 exd4 14. Nxd4 Nxd4 15. cxd4 Qxd2+ 16. Kxd2 Bxa3 17. Bg4+ f5 18. Bf3 c6 19. Ra1 Bc5 20. c3 Bb6 21. Rhe1 Rhe8 22.
Bf4 Rxe1 23. Rxe1 Re8 24. Be5 Re7 25. Ra1 a6 26. g4 Bc7 27. Bxc7 Kxc7 28. Be2 f4 29. h4 Be4 30. Re1 Bd5 31. Ra1 h6 32. c4 Bg8 33. Bd3 g5 34. hxg5 hxg5 35. Rh1 b5 36. c5 Bc4 37. Bxc4 bxc4 38. Kc3 Re2 39. Rh7+ Kd8 40. Kxc4 Rxf2 41. Kd3 Rg2 42. Ke4 Rxg4 43. Ke5 f3 44. Rh8+ Ke7 45. Rh7+ Kf8 46. Kf6 Rf4+ 47. Kxg5 f2 48. Kxf4 f1=Q+ 49. Ke5 Qg2 50. Rd7 a5 51. Kd6 a4 52. Rd8+ Kf7 53. Ra8 Qd5+ 54. Kc7 Qxd4 55. Ra6 Qb4 56. Kxc6 a3 57. Ra7+ Kf6 58. Kd5 Qb3+ 59. Kd4 a2 60. Ra6+ Kf5 61.
c6 Qb2+ 62. Kc5 a1=Q 63. Rxa1 Qxa1 64. Kd6 Qa8 65. Kd7 Qa4 66. Kd6 Qd4+ 67. Ke7 Qc5+ 68. Kd7 Qd5+ 69. Kc7 Ke6 70. Kb7 Qb5+ 71. Kc7 Kd5 72.
Kd8 Qxc6 73. Ke7 Qe6+ 74. Kf8 Qd7 0-1

[Event "*** Titled Tuesday Blitz"]
[Site "Chess.com"]
[Date "2020.10.20"]
[Round "6"]
[White "TrickyFortem"]
[Black "Trickov"]
[Result "1/2-1/2"]
[WhiteElo "2455"]
[BlackElo "2343"]
[TimeControl "180+1"]
[EndTime "11:10:28 PDT"]
[Termination "Game drawn - insufficient material"]

1. e4 c5 2. Nf3 d6 3. d4 Nf6 4.
Nc3 cxd4 5. Nxd4 a6 6. Bc4 e6 7. O-O b5 8. Bb3 Bb7 9. Re1 Nc6 10. a3 Nxd4 11. Qxd4 Be7 12. Bg5 O-O 13. Rad1 Rc8 14. Bxf6 Bxf6 15. Qxd6 Qxd6 16. Rxd6 Bxc3 17. bxc3 Rxc3 18.
Rb6 Rc7 19. Rd1 Bxe4 20. Rxa6 g6 21. Rb6 Bxc2 22. Bxc2 Rxc2 23. Rxb5 Ra8 24. Rb3 Ra2 25. h4 R8xa3 26. Rxa3 Rxa3 27. g3 h5 28. Kg2 Kg7 29. Rd4 Kf6 30. Rb4 Ra2 31. Rf4+ Kg7 32. Rd4 e5 33. Rc4 Re2 34. Kf3 Rd2 35. Ke3 Ra2 36. Rc6 f5 37. Kf3 e4+ 38. Ke3 Ra3+ 39. Ke2 f4 40.
gxf4 Rf3 41. Rc1 Rxf4 42. Rh1 Kf6 43. Rh3 Kf5 44. Ke3 Rg4 45. f3 exf3 46. Kxf3 Ra4 47. Rh1 Ra3+ 48. Kf2 Kf4 49. Rc1 Ra2+ 50. Kg1 Kg3 51.
Kf1 Kxh4 52. Rc4+ Kg5 53. Rc5+ Kh6 54. Kg1 h4 55. Kh1 g5 56. Kg1 Kh5 57. Kh1 Re2 58.
Kg1 Kg4 59. Kf1 Re4 60. Kf2 Kf4 61. Rc8 Ra4 62. Rf8+ Kg4 63. Rc8 Ra2+ 64. Kg1 Kg3 65. Rc3+ Kf4 66. Rc4+ Kf3 67. Rc3+ Kg4 68. Rc4+ Kh5 69.
Kf1 h3 70. Kg1 g4 71. Rc3 Kh4 72. Kh1 Rf2 73. Kg1 Rf3 74. Rc2 Kg3 75. Rg2+ Kf4 76. Rc2 Ra3 77. Rc4+ Kg3 78. Rc1 Ra2 79. Rc3+ Kh4 80. Rc4 Kg5 81. Kh1 g3 82. Rc1 Kf4 83. Kg1 Ke3 84. Rc3+ Kd2 85. Rxg3 h2+ 86. Kxh2 Rc2 87.
Kh3 Kc1 88. Rg1+ Kb2 89. Rg7 Rc3+ 90. Kg4 Kb3 91. Rb7+ Kc2 92. Rd7 Rc4+ 93. Kf3 Kc3 94. Ke3 Rc8 95. Rd6 Re8+ 96. Kf3 Re1 97. Rd7 Re8 98.
Kf4 Re1 99. Rc7+ Kd4 100. Rd7+ Kc5 101. Rc7+ Kd6 102. Rc2 Rf1+ 103. Ke3 Re1+ 104. Kf2 Re5 105. Rd2+ Rd5 106. Ra2 Rf5+ 107. Ke3 Rb5 108. Ra6+ Kd5 109. Ra4 Rb3+ 110. Kf4 Rc3 111. Ra5+ Rc5 112. Rxc5+ Kxc5 1/2-1/2

[Event "*** Titled Tuesday Blitz"]
[Site "Chess.com"]
[Date "2020.10.20"]
[Round "6"]
[White "ChessWarrior7197"]
[Black "VerdeNotte"]
[Result "0-1"]
[WhiteElo "3004"]
[BlackElo "2870"]
[TimeControl "180+1"]
[EndTime "11:10:30 PDT"]
[Termination "VerdeNotte won by checkmate"]

1. e4 c5 2. c3 d5 3. exd5 Qxd5 4. d4 Nc6 5. Nf3 Bf5 6. Be3 cxd4 7. Nxd4 e6 8. Nd2 Nf6 9. Qb3 Nxd4 10. Bxd4 a6 11. Be2 Qxb3 12. axb3 Bd6 13. Bf3 O-O-O 14. Nc4 e5 15.
Be3 Bg4 16. Ke2 Bc7 17. h3 Bxf3+ 18. Kxf3 Nd5 19. g4 Nxe3 20. Nxe3 f6 21. Rhd1 h5 22. Rxd8+ Bxd8 23. Rd1 hxg4+ 24. hxg4 g6 25. b4 Rh3+ 26.
Kg2 Rh7 27. Kf3 Rh3+ 28. Ke4 Rh2 29. Rd2 Rh4 30. Kd5 Kd7 31. f3 Ke7 32. Nc4 Rh3 33. Rd3 Bc7 34. Kc5 f5 35. gxf5 gxf5 36. Ne3 Ke6 37.
Nc2 Rh2 38. Ne3 Rh3 39. Nc2 Rh8 40. b5 Rc8 41. bxa6 bxa6 42. Kc6 Bd6+ 43. Kb7 Rb8+ 44. Kxa6 Rxb2 45. Ne3 Bc5 46. Nd5 e4 47. fxe4 fxe4 48.
Rd1 Ke5 49. c4 e3 50. Nxe3 Bxe3 51. Rd5+ Ke4 52. Ka5 Bd4 53. Rb5 Rc2 54. Kb4 Kd3 55. c5 Rc4+ 56. Kb3 Bxc5 57. Rb7 Bd4 58. Rb4 Rc1 59.
Rb5 Rb1+ 60. Ka4 Ra1+ 61. Kb3 Ra7 62. Rb4 Bc5 63. Rb5 Kd4 64. Kc2 Kc4 65. Rb2 Rh7 66.
Ra2 Rh3 67. Ra4+ Bb4 68. Ra2 Rh1 69. Rb2 Ba3 70. Rb8 Rh2+ 71. Kd1 Bc5 72. Rd8 Bd4 73. Rd7 Kd3 74. Re7 Ra2 75. Re8 Ra1# 0-1

[Event "*** Titled Tuesday Blitz"]
[Site "Chess.com"]
[Date "2020.10.20"]
[Round "6"]
[White "Zhigalko_Sergei"]
[Black "SantoBlue"]
[Result "0-1"]
[WhiteElo "2924"]
[BlackElo "2788"]
[TimeControl "180+1"]
[EndTime "11:10:30 PDT"]
[Termination "SantoBlue won on time"]

1. e4 d6 2. d4 Nf6 3. Nc3 g6 4. Nf3 Bg7 5. h3 O-O 6. Be3 c6 7. a4 Qc7 8. a5 e5 9. dxe5 dxe5 10. Bc4 Rd8 11. Qb1 h6 12. Qa2 Na6 13. O-O Re8 14.
Nh4 Be6 15. Bxe6 Rxe6 16. Rfd1 Qe7 17. Nf3 g5 18. Nh2 Nc5 19. Qc4 Ncd7 20. Nf1 Nh5 21. Ng3 Nxg3 22. fxg3 g4 23. h4 Nf6 24. Rf1 Nh5 25. Kh2 Rf6 26. Rad1 Re8 27. Bxa7 Nf4 28.
Bc5 Qe6 29. Qxe6 Nxe6 30. Rxf6 Bxf6 31. Na4 Nd4 32. c3 Nb3 33. Bb6 Bg7 34. Nc5 Nxc5 35. Bxc5 f5 36. Rd7 Bf8 37. Bxf8 Kxf8 38. exf5 e4 39.
Kg1 Re5 40. Kf2 Rxa5 41. Rxb7 Rxf5+ 42. Ke3 Re5 43. Rc7 c5 44. c4 h5 45. Rd7 Re6 46.
Rd5 Rb6 47. Rxc5 Rxb2 48. Rxh5 Rxg2 49. Kf4 Rc2 50. Re5 Rxc4 51. Rxe4 Rc6 52. Kxg4 Kf7 53.
Rf4+ Kg6 54. Ra4 Rb6 55. Kh3 Kh6 56. Ra3 Rb4 57. Rf3 Rb6 58. Rf4 Ra6 59. Re4 Rb6 60. Kg4 Ra6 61. Kf5 Ra5+ 62. Re5 Ra3 63. g4 Rf3+ 64. Ke4 Rf1 65. Re6+ Kg7 66. h5 Kf7 67. Ra6 Kg7 68. g5 Kh7 69. Ra7+ Kg8 70. h6 Rb1 71. Kf5 Rb5+ 72. Kg4 Rb1 0-1

[Event "*** Titled Tuesday Blitz"]
[Site "Chess.com"]
[Date "2020.10.20"]
[Round "6"]
[White "BJthechessgod"]
[Black "medalja"]
[Result "0-1"]
[WhiteElo "2199"]
[BlackElo "2406"]
[TimeControl "180+1"]
[EndTime "11:10:30 PDT"]
[Termination "medalja won by checkmate"]

1. e4 c6 2. d4 d5 3. Nc3 dxe4 4.
Nxe4 Bf5 5. Ng3 Bg6 6. h4 h6 7. Nf3 Nd7 8. h5 Bh7 9. Bd3 Bxd3 10. Qxd3 e6 11. Bf4 Qa5+ 12. Bd2 Bb4 13. c3 Be7 14. Ne4 Ngf6 15. Nxf6+ Bxf6 16. g4 Rd8 17. c4 Qa6 18. b3 Nc5 19. Qe3 Qa3 20. Rd1 Na6 21. Qc3 c5 22. Be3 Nb4 23. O-O Nxa2 24. Qa1 Qxb3 25. Rb1 Qxc4 26. Rfc1 Qd5 27. Rxc5 Qxf3 28. Qxa2 Qxg4+ 29.
Kf1 O-O 30. Qxa7 Bxd4 31. Bxd4 Qxd4 32. Rbc1 Qd3+ 33. Kg1 Rd4 34. Qxb7 Rg4+ 35. Kh2 Rh4+ 36. Kg1 Qh3 37. R1c4 Rd8 38. Rc8 Rg4+ 39. Rxg4 Qxg4+ 40. Kf1 Qd1+ 41. Kg2 Rxc8 42. Qxc8+ Kh7 43. Qc5 Qg4+ 44.
Kf1 Qf5 45. Qe7 Qxh5 46. Kg2 Qg6+ 47. Kf1 Qf5 48. Qb4 h5 49. Qh4 Kh6 50. Qd8 Kh7 51. Qh4 f6 52. Qc4 Qg5 53. Qxe6 Qc1+ 54. Kg2 Qg5+ 55. Kf1 h4 56. Qe4+ f5 57. Qd3 Qg4 58.
f3 Qf4 59. Kg2 Qg5+ 60. Kh2 Qg3+ 61. Kh1 Kg6 62. Qa6+ Kg5 63. Qe2 h3 64. Qe3+ Qf4 65. Qf2 h2 66. Qg2+ Kf6 67. Qb2+ Kf7 68. Qb7+ Kg8 69. Qd5+ Kh7 70. Qd3 g6 71. Qe2 Qg3 72. Qe7+ Kh6 73. Qf8+ Kg5 74. Qe7+ Kf4 75. Qd6+ Kxf3 76.
Qd3+ Kg4 77. Qe2+ Qf3+ 78. Qg2+ Qxg2+ 79. Kxg2 f4 80. Kh1 Kf3 81. Kxh2 Ke2 82. Kg1 f3 83.
Kh2 f2 84. Kg2 f1=Q+ 85. Kg3 g5 86. Kh2 Qf2+ 87. Kh1 Qh4+ 88. Kg2 Qg4+ 89. Kh1 Kf2 90. Kh2 Qg2# 0-1

[Event "*** Titled Tuesday Blitz"]
[Site "Chess.com"]
[Date "2020.10.20"]
[Round "6"]
[White "catzapto"]
[Black "Kazmin_Dmitrij"]
[Result "0-1"]
[WhiteElo "2142"]
[BlackElo "2266"]
[TimeControl "180+1"]
[EndTime "11:10:35 PDT"]
[Termination "Kazmin_Dmitrij won by checkmate"]

1. e4 c5 2. Nf3 d6 3. c3 Nf6 4.
Be2 e5 5. O-O Nc6 6. d4 Be7 7.
dxe5 dxe5 8. Qxd8+ Bxd8 9. Bb5 Bc7 10. Bxc6+ bxc6 11. Re1 h6 12. Nbd2 Be6 13. b3 O-O 14.
Ba3 Nd7 15. Rad1 Rfd8 16. Nc4 Bxc4 17. bxc4 Kf8 18. Rd3 Ke8 19. Red1 Rab8 20. Kf1 Rb6 21. Ne1 Ra6 22. Nc2 Ke7 23. f3 g6 24. Ke2 Ra4 25.
Rb1 Bb6 26. Bc1 Rxa2 27. Kd1 g5 28. Ra1 Rxa1 29. Nxa1 Nf6 30. Rxd8 Kxd8 31. Nb3 Kd7 32. Ba3 Kd6 33. Ke2 Nh5 34. g3 Ng7 35. Ke3 Ne6 36. Nc1 Ke7 37. Nd3 Kf6 38. Ke2 a6 39. Ke3 Ba7 40. Ke2 h5 41. Ke3 Bb6 42. Ke2 Ba5 43.
Ke3 Bxc3 44. Nxc5 Bd4+ 45. Kd3 Nxc5+ 46. Kc2 Bg1 47. h3 h4 48. gxh4 gxh4 49. Kc1 Ke6 50.
Kc2 Nd7 51. Kd3 Nf6 52. Bc1 Nh5 53. Ke2 Ng3+ 54. Ke1 Bd4 55. Kd1 Nh5 56. Kc2 f6 57. Kb3 Ng3 58. Ka4 Bc3 59. Be3 a5 60. Bf2 f5 61. Kb3 fxe4 62. Kxc3 exf3 63. Kd3 Kf5 64. Be3 e4+ 65. Kd4 a4 66. Kc3 Ne2+ 67. Kb4 a3 68. Kxa3 Nf4 69. Kb4 Nxh3 70. Kc5 f2 71.
Bxf2 Nxf2 72. Kxc6 e3 73. Kd7 e2 74. c5 e1=Q 75. c6 Qd2+ 76. Kc8 Ne4 77. c7 Qd6 78. Kb8 Nc5 79. Ka8 Qc6+ 80. Ka7 Qxc7+ 81. Ka8 Qb7# 0-1

[Event "*** Titled Tuesday Blitz"]
[Site "Chess.com"]
[Date "2020.10.20"]
[Round "6"]
[White "Volodar_Murzin"]
[Black "TrimitziosP7"]
[Result "0-1"]
[WhiteElo "2609"]
[BlackElo "2767"]
[TimeControl "180+1"]
[EndTime "11:10:40 PDT"]
[Termination "TrimitziosP7 won by resignation"]

1. e4 e5 2. Nf3 Nc6 3. d4 exd4 4. Nxd4 Qf6 5. Nxc6 dxc6 6. Bd3 Bc5 7. O-O Be6 8.
Nd2 O-O-O 9. Qh5 Bb6 10. Nf3 h6 11. Qe5 Qg6 12. Qf4 Nf6 13. e5 Nd5 14. Bxg6 Nxf4 15. Bxf4 fxg6 16. Rfd1 Bf5 17. c3 g5 18. Be3 Bxe3 19.
fxe3 Rxd1+ 20. Rxd1 Rd8 21. Rxd8+ Kxd8 22. b4 Kd7 23. Nd4 Be6 24. a3 b6 25. Nf3 Bd5 26.
Nd2 Bf7 27. Kf2 Ke6 28. e4 Kxe5 29. Ke3 Bh5 30. Nc4+ Ke6 31. Kd4 Be2 32. Ne3 g6 33.
c4 h5 34. c5 g4 35. g3 Bb5 36. Ng2 g5 37. Ne3 Be2 38. Nf5 Kf6 39. a4 a5 40. bxa5 bxa5 41. Ne3 Ke6 42. Nc4 Bd1 43. Nxa5 Bxa4 44. Nc4 Bb5 45. Nb2 Be2 46. Na4 h4 47. Nc3 Bf3 48. Nb1 Bd1 49. Nd2 Bc2 50. Nf1 Ba4 51. Ne3 Bb5 52. Nxg4 Be2 53. Ne5 Bb5 54. Nf3 hxg3 55. hxg3 Kf6 56. Ne5 Ba4 57. Nc4 Ke6 58. Nd2 Bb5 59. Ke3 Ba4 60. Nf3 Kf6 61. Kd4 Bd1 62. Ne5 Ba4 63. Nc4 Ke6 64. Na5 Bb5 65.
Nb3 Kf6 66. Nd2 Ke6 67. Nf3 Kf6 68. Nh2 Be2 69. Ke3 Bh5 70. Nf1 Ke5 71. Nd2 Bf7 72.
Nf3+ Kf6 73. e5+ Kf5 74. Kd4 Bd5 75. Nd2 Kg4 76. Nf1 Kf3 77. Ne3 Be6 78. g4 Kf4 79. Nf5 Bxf5 80. gxf5 Kxf5 0-1

[Event "*** Titled Tuesday Blitz"]
[Site "Chess.com"]
[Date "2020.10.20"]
[Round "6"]
[White "akanga001"]
[Black "Yoshikrov"]
[Result "0-1"]
[WhiteElo "1875"]
[BlackElo "2130"]
[TimeControl "180+1"]
[EndTime "11:10:40 PDT"]
[Termination "Yoshikrov won by checkmate"]

1. d4 Nf6 2. c4 g6 3. Nc3 d5 4. cxd5 Nxd5 5. e4 Nxc3 6. bxc3 Bg7 7. Nf3 O-O 8. Be2 c5 9. O-O Bg4 10. Qd3 Nc6 11. Rd1 cxd4 12. cxd4 Qa5 13. Rb1 b6 14. d5 Nb4 15. Qd2 Nxa2 16. Qxa5 bxa5 17. Bb2 Bxb2 18. Rxb2 Nc3 19. Ra1 Nxe4 20. Rxa5 Nd6 21.
h3 Bxf3 22. gxf3 Rfc8 23. Kg2 Rc1 24. Rba2 Rc7 25. Ra6 Kf8 26. Rc6 Rd7 27. Raa6 Ke8 28. Kg3 Kd8 29. Kf4 Rb7 30. Kg5 h5 31. Kh6 Rb2 32.
Bd3 Rxf2 33. Be4 Re2 34. Ra4 Kd7 35. Rca6 Nxe4 36. fxe4 Re3 37. h4 Rh3 38. Kg5 Rg3+ 39. Kf4 Rg4+ 40. Ke5 f6+ 41. Kd4 Rxh4 42. Kc5 Rc8+ 43.
Kd4 Rh1 44. Rxa7+ Rc7 45. Rxc7+ Kxc7 46. Ra7+ Kd6 47. Ra6+ Kd7 48. Ra7+ Ke8 49. Ra8+ Kf7 50. Ra7 Rd1+ 51. Ke3 h4 52. Kf3 g5 53. Kg4 Rd3 54.
Kf5 Rf3+ 55. Kg4 Rf4+ 56. Kh3 Rxe4 57. d6 Ke8 58. d7+ Kd8 59. Kh2 Rd4 60. Kh3 Rxd7 61. Ra8+ Kc7 62. Kg4 Rd4+ 63. Kh3 Rf4 64. Ra7+ Kd6 65.
Ra6+ Ke5 66. Ra5+ Ke6 67. Ra6+ Kf5 68. Ra5+ e5 69. Ra6 Rf3+ 70. Kh2 Rb3 71. Ra4 g4 72. Kh1 Rb2 73. Ra3 e4 74. Ra5+ Kf4 75. Ra6 f5 76. Ra3 h3 77. Rc3 g3 78. Rc1 Kg4 79. Rg1 f4 80. Ra1 e3 81. Rb1 Rxb1# 0-1

[Event "*** Titled Tuesday Blitz"]
[Site "Chess.com"]
[Date "2020.10.20"]
[Round "6"]
[White "Euwe1234"]
[Black "MatyChess1"]
[Result "1/2-1/2"]
[WhiteElo "2348"]
[BlackElo "2544"]
[TimeControl "180+1"]
[EndTime "11:10:57 PDT"]
[Termination "Game drawn - insufficient material"]

1. e4 c5 2. Nf3 g6 3. d4 cxd4 4. Nxd4 Nc6 5. c4 Nf6 6. Nc3 d6 7. Be2 Nxd4 8. Qxd4 Bg7 9. Be3 O-O 10. Qd1 a5 11.
O-O a4 12. f3 Qa5 13. Qd2 Be6 14. Rfc1 Rfc8 15. Nd5 Qxd2 16. Bxd2 Nxd5 17. cxd5 Bd7 18. Rab1 f5 19. Bc3 Bh6 20. Re1 Kf7 21. a3 Be3+ 22. Kh1 Bc5 23. Rbc1 Rc7 24. Bd3 Rac8 25. Ba5 b6 26. Bd2 Bd4 27. Rxc7 Rxc7 28. Rc1 Rc5 29. Rxc5 bxc5 30. Bc3 fxe4 31. fxe4 Bxc3 32. bxc3 Kf6 33. Kg1 Ke5 34. Kf2 e6 35. dxe6 Bxe6 36. Ke3 g5 37. g3 h5 38. Be2 h4 39. Bd1 Bd7 40.
Be2 Bc6 41. Bf3 g4 42. Bxg4 hxg3 43. hxg3 Bxe4 44. Bd1 Bc6 45. g4 Be8 46. c4 Bd7 47.
Be2 Be8 48. Bf3 Bd7 49. Bd1 Be8 50. Be2 Bf7 51. Bd3 Be6 52. Be2 Bd7 53. Bf3 Be8 54. Bd1 Bc6 55. Be2 Bd7 56. Bf3 Be6 57. Be2 Bf7 58. Bd3 Be8 59. g5 Bf7 60. Kd2 Ke6 61. Kc3 Ke5 62. Bc2 Bg8 63. Bxa4 Kf4 64. Bc2 Kxg5 65. a4 Kf4 66. a5 Be6 67. a6 Bc8 68. a7 Bb7 69. Bd1 Ke5 70. Kd3 Ke6 71. Be2 Kd7 72. Ke3 Kc7 73. Kf4 Kb6 74. Kf5 d5 75.
cxd5 Bxd5 76. Bc4 Bb7 77. Ke5 Kxa7 78. Kd6 Kb6 79. Bb3 Bc6 80. Bc4 Bb7 81. Bb3 Ba6 82.
Ba2 Bb5 83. Bd5 Bc6 84. Bxc6 c4 85. Be4 Ka5 86. Kd5 c3 87. Kd4 Kb4 88. Bc2 Ka3 89.
Kxc3 1/2-1/2

[Event "*** Titled Tuesday Blitz"]
[Site "Chess.com"]
[Date "2020.10.20"]
[Round "6"]
[White "WIDBIFS"]
[Black "Sychev_Klementy"]
[Result "1-0"]
[WhiteElo "2764"]
[BlackElo "2872"]
[TimeControl "180+1"]
[EndTime "11:11:06 PDT"]
[Termination "WIDBIFS won by resignation"]

1. d4 Nf6 2. Nf3 e6 3. Bf4 d5 4. e3 Bd6 5. Bg3 O-O 6. Nbd2 c5 7. c3 Qc7 8. Bd3 Nbd7 9. Qc2 e5 10. dxe5 Nxe5 11. Nxe5 Bxe5 12. Bh4 c4 13. Bxf6 Bxf6 14. Bxh7+ Kh8 15. Bf5 g6 16. Bxc8 Raxc8 17. Nf3 Kg7 18. a4 Rh8 19. Rd1 Rh5 20. h4 Qc5 21. g3 b5 22.
axb5 Qxb5 23. Nd4 Qb7 24. O-O Bxh4 25. gxh4 Rxh4 26. f3 Rch8 27. Rd2 Qe7 28. Kf2 Rh2+ 29. Ke1 Qxe3+ 30. Re2 Rxe2+ 31. Nxe2 Rh2 32. Qd2 Qe5 33. Kd1 Kg8 34. Re1 Rf2 35. Qd4 Qh2 36. f4 Qg2 37. Qxa7 Rf3 38. Kc1 Rd3 39. Qe7 Qf2 40. Qe8+ Kg7 41.
Qe5+ Kg8 42. Qe8+ Kg7 43. Qe5+ Kg8 44. Rh1 Rh3 45. Rxh3 Qf1+ 46. Kd2 Qxh3 47. Qxd5 Qc8 48. Qd4 Qb7 49. Kc2 Qc6 50. Qe3 Qa4+ 51. Kc1 Qa1+ 52.
Kc2 Qa4+ 53. Kd2 Qa2 54. Ke1 Qxb2 55. Kf2 Qc2 56. Qd4 Qa4 57. Ke3 Qc6 58. Ng3 Qg2 59. Ne4 Qg1+ 60. Kd2 Qg2+ 61. Kc1 Qf1+ 62. Kb2 Qe2+ 63.
Ka3 Kh7 64. Ng5+ Kg8 65. Ne4 Kh7 66. Nf6+ Kg7 67. Ng4+ Kg8 68. Qd8+ Kg7 69. Qf6+ Kf8 70. Qh8+ Ke7 71. Qe5+ Qxe5 72. Nxe5 Ke6 73. Nxc4 Kf5 74. Nd6+ Kxf4 75. Nxf7 Kf5 76. c4 Ke6 77. Nh6 g5 78. Kb4 Kd6 79. c5+ Kc6 80. Kc4 Kc7 81. Kd5 Kd7 82. c6+ Kc7 83. Kc5 Kc8 84. Kd6 Kd8 85. Nf7+ Kc8 86. Nxg5 1-0

[Event "*** Titled Tuesday Blitz"]
[Site "Chess.com"]
[Date "2020.10.20"]
[Round "6"]
[White "MarkkuH"]
[Black "Lion-Al-Messi"]
[Result "1-0"]
[WhiteElo "2404"]
[BlackElo "2558"]
[TimeControl "180+1"]
[EndTime "11:11:06 PDT"]
[Termination "MarkkuH won by checkmate"]

1. e4 e6 2. d4 d5 3. e5 c5 4.
c3 Nc6 5. Nf3 Qb6 6. Be2 Nh6 7.
Bxh6 Qxb2 8. Be3 Qxa1 9. Qc2 cxd4 10. Nxd4 Ba3 11. Qb3 O-O 12. Nc2 Qb2 13. Nbxa3 Qxb3 14. axb3 b6 15. f4 Na5 16. b4 Nc6 17. Kd2 Bd7 18.
Nb5 Rac8 19. Nd6 Rc7 20. Nd4 Nxd4 21. Bxd4 f6 22. Bd3 Bc6 23. g4 Re7 24. h4 Be8 25. Ra1 Bg6 26. h5 Bxd3 27. Kxd3 Rd7 28. Nb5 Rff7 29.
h6 fxe5 30. Bxe5 gxh6 31. Nd4 Rde7 32. Rh1 a5 33. bxa5 bxa5 34. Rxh6 a4 35. Nc2 Re8 36. g5 Ra7 37. g6 Rea8 38. gxh7+ Rxh7 39. Rxe6 a3 40. Rg6+ Kf7 41. Rg1 a2 42. Ra1 Rh3+ 43. Ne3 Rh2 44.
Bd4 Ra5 45. Nc2 Rh3+ 46. Ne3 Rh2 47. Nc2 Ra4 48. Nb4 Rb2 49. Nc2 Rb1 50. Kd2 Ke6 51.
Be5 Kf5 52. Ke3 Re4+ 53. Kd3 Ra4 54. Ne3+ Ke6 55. Nc2 Ra8 56. Nd4+ Kd7 57. Nc2 Kc6 58. Nb4+ Kd7 59. Rxa2 Rxa2 60. Nxa2 Rd1+ 61. Ke3 Ra1 62. Nb4 Ke6 63. Nc2 Ra2 64. Nd4+ Kd7 65. Kd3 Ra1 66.
Nb3 Re1 67. Nc5+ Kc6 68. Nb3 Re4 69. Nd4+ Kd7 70. Ne2 Ra4 71. Bd4 Ke6 72. Ng3 Ra1 73.
f5+ Kf7 74. Ne2 Rd1+ 75. Ke3 Rf1 76. Nf4 Re1+ 77. Kf3 Rf1+ 78. Kg4 Rd1 79. Nxd5 Rd3 80. Nf4 Rd2 81. f6 Rd1 82. Kf5 Ra1 83. Nd3 Ra5+ 84.
Ne5+ Ke8 85. Kg6 Ra1 86. f7+ Ke7 87. Bc5+ Ke6 88. f8=Q Rg1+ 89. Bxg1 Kd5 90. Qf5 Kd6 91. Qe4 Ke6 92. Nd3+ Kd6 93. Bc5+ Kd7 94. Qd5+ Kc7 95. Qd6+ Kb7 96. Qb6+ Ka8 97. Qa7# 1-0

[Event "*** Titled Tuesday Blitz"]
[Site "Chess.com"]
[Date "2020.10.20"]
[Round "6"]
[White "Oleksandr_Bortnyk"]
[Black "mishanick"]
[Result "1/2-1/2"]
[WhiteElo "2894"]
[BlackElo "2998"]
[TimeControl "180+1"]
[EndTime "11:11:50 PDT"]
[Termination "Game drawn by 50-move rule"]

1. e4 c5 2. c3 Nf6 3. e5 Nd5 4. d4 cxd4 5. Nf3 Nc6 6. cxd4 d6 7. Bc4 dxe5 8. dxe5 Ndb4 9. Qb3 e6 10. O-O Na5 11. Bb5+ Bd7 12. Qa4 Bxb5 13. Qxb5+ Nac6 14. Nc3 a6 15.
Qc4 Qd3 16. Qf4 Be7 17. Rd1 Qg6 18. Be3 Nd3 19. Qe4 Rd8 20. Bb6 Rd7 21. Qe3 O-O 22. Ne2 Ncb4 23. Rd2 Rc8 24. Ned4 Nd5 25. Qxd3 Qxd3 26.
Rxd3 Nxb6 27. Rb3 Nd5 28. g3 Bc5 29. Rc1 Rdc7 30. Kg2 g6 31. Ne2 b5 32. a3 Ba7 33.
Rxc7 Rxc7 34. Rd3 Rc4 35. h4 h5 36. Rd2 a5 37. Ned4 Bxd4 38. Nxd4 b4 39. axb4 axb4 40. Nb5 Re4 41. f4 Re1 42. Nd4 Rc1 43. Kf3 Rc4 44.
Nb5 Kg7 45. Nd6 Rc1 46. Ne8+ Kf8 47. Nf6 Nxf6 48. exf6 Ke8 49. Rd4 Rf1+ 50. Kg2 Rc1 51. Rxb4 Rc5 52. Rb8+ Kd7 53. Rf8 e5 54. fxe5 Ke6 55.
Re8+ Kf5 56. Re7 Rc2+ 57. Kf3 Rxb2 58. Rxf7 Kxe5 59. Rf8 Rb3+ 60. Kf2 Ke6 61. Kg2 Rb5 62. Kh3 Rf5 63. Re8+ Kf7 64. Re7+ Kxf6 65. Ra7 Rb5 66. Ra6+ Kf5 67. Ra2 Rb1 68. Rf2+ Ke4 69. Rf6 Rb5 70. Rxg6 Ra5 71. Rf6 Rb5 72. Rf4+ Ke5 73. Rf8 Ke6 74. Kg2 Rc5 75. Rf2 Rb5 76. Rf4 Ra5 77.
Kh3 Rf5 78. Re4+ Kf6 79. Ra4 Kg6 80. Ra6+ Kg7 81. Kg2 Rb5 82. Rd6 Rf5 83. Re6 Ra5 84. Re3 Rb5 85. Kf3 Ra5 86. Kf4 Kg6 87. Re6+ Kg7 88.
Re5 Ra4+ 89. Kf5 Rg4 90. Re7+ Kh6 91. Re3 Kh7 92. Rb3 Kh6 93. Kf6 Kh7 94. Ke5 Kh6 95. Kf5 Kh7 96. Rc3 Kh6 97. Kf6 Kh7 98. Rc5 Rg6+ 99.
Kf7 Kh6 100. Rc3 Rg7+ 101. Kf6 Rg6+ 102. Ke5 Rg4 103. Rc6+ Kg7 104. Rc7+ Kg8 105. Rc3 Kg7 106. Kf5 Kf7 107. Rc7+ Kg8 108. Rc8+ Kg7 109. Rc7+ Kg8 110. Rc3 Kg7 111. Ra3 Kf7 112. Rf3 Kg7 113. Re3 Kf7 114. Rb3 Kg8 115. Rb8+ Kg7 116. Rb7+ Kg8 117. Rb3 Kf7 118. Rc3 Kg7 119. Ra3 Kg8 120. Kf6 1/2-1/2